 Dungeon Crawl Stone Soup version 0.21.1-1-g345015fe64 (webtiles) character file.

43 Alannah the Sneak (level 3, -2/27 HPs)
             Began as a Demonspawn Assassin on Apr 30, 2018.
             Slain by Sigmund
             ... wielding a +0 scythe
              (8 damage)
             ... on level 2 of the Dungeon.
             The game lasted 00:03:54 (1303 turns).

Alannah the Sneak (Demonspawn Assassin)             Turns: 1303, Time: 00:03:55

Health: -2/27      AC:  5    Str: 11    XL:     3   Next: 37%
Magic:  3/3        EV: 12    Int: 12    God:
Gold:   100        SH:  0    Dex: 15    Spells: 2/2 levels left

rFire    . . .     SeeInvis .   a - +2 dagger
rCold    . . .     Gourm    .   (no shield)
rNeg     . . .     Faith    .   c - +0 robe
rPois    .         Spirit   .   (no helmet)
rElec    .         Reflect  .   d - +0 cloak
rCorr    .         Harm     .   o - +1 pair of gloves
MR       .....                  (no boots)
Stlth    +++.......             (no amulet)
HPRegen  0.09/turn              (no ring)
MPRegen  0.08/turn              (no ring)

@: no status effects
A: talons 1, demonic guardian 1
a: no special abilities


You were on level 2 of the Dungeon.
You were not hungry.

You visited 1 branch of the dungeon, and saw 2 of its levels.

You collected 100 gold pieces.

Inventory:

Hand Weapons
 a - a +2 dagger (weapon)
 b - a +0 blowgun
Missiles
 e - 8 poisoned needles
 f - 2 curare-tipped needles
Armour
 c - a +0 robe (worn)
 d - a +0 cloak (worn)
 o - a +1 pair of gloves (worn)
Jewellery
 m - an uncursed ring of fire {unknown}
Scrolls
 i - a scroll of remove curse {unknown}
 k - a scroll of amnesia {unknown}
 l - a scroll of enchant armour {unknown}
 p - a scroll of blinking {unknown}
 q - a scroll of identify {unknown}
Potions
 h - a potion of resistance {unknown}
 j - a potion of berserk rage {unknown}
 n - a potion of might {unknown}
Comestibles
 g - 5 rations


   Skills:
 + Level 2.2 Fighting
 + Level 2.1 Short Blades
 + Level 2.0 Throwing
 * Level 1.7 Dodging
 * Level 4.0 Stealth


You had 2 spell levels left.
You didn't know any spells.

Dungeon Overview and Level Annotations

Branches:
Dungeon (2/15)

Altars:
Ashenzari
Kikubaaqudgha
Makhleb

Annotations:
D:2 Sigmund


Innate Abilities, Weirdness & Mutations

You have sharp toenails.
A weak demonic guardian rushes to your aid.


Message History

Sigmund is heavily wounded.
Your white imp gestures at Sigmund.
The puff of frost hits Sigmund.
You hit Sigmund. You claw Sigmund.
Sigmund is severely wounded.
Sigmund casts a spell.
Sigmund flickers and vanishes!
Deactivating autopickup; reactivate with Ctrl-A.
You closely miss something. Your kick misses something.
You hear some strange, mumbled words.
A magic dart appears from out of thin air!
The magic dart hits you!
You hit something. Your kick misses something.
You hear some strange, mumbled words.
A puff of flame appears from out of thin air!
The puff of flame hits you!
* * * LOW HITPOINT WARNING * * *
Your white imp barely misses something.
You closely miss something. Your kick misses something. Something hits you!
You die...

. #.#.....##.##.....# . .
#..##....#####(.#
.#.##..###....#####..# #######
.#.
#.#........##.(..######......
.#
............#.(##..#........##
...#..........####............
. #......##.##............._.
#......#8.8#.####.......†..
##.......55@..# #..._..♣...
#.......#8{8### ###........
#.......##.## ##.......
#............ #..._...
.............. ###...#.
....>..........# #####.
.###.........!.. #.
.......>....# #. #..#########
#.


You could see a friendly iron imp and a friendly white imp.

Vanquished Creatures
  An adder (D:2)
  A dart slug (D:1)
  A leopard gecko (D:1)
  2 orcs (D:2)
  A giant cockroach (D:1)
  4 goblins
  2 hobgoblins (D:1)
  4 jackals
  A quokka (D:2)
  A ball python (D:1)
  3 bats (D:1)
  2 frilled lizards (D:1)
  4 rats
27 creatures vanquished.

Notes
Turn   | Place    | Note
-------+----------+-------------------------------------------
     0 | D:1      | Alannah the Demonspawn Assassin began the quest for the Orb.
     0 | D:1      | Reached XP level 1. HP: 16/16 MP: 1/1
    83 | D:1      | Reached skill level 1 in Dodging
   316 | D:1      | Gained mutation: A weak demonic guardian rushes to your aid. [demonic ancestry]
   316 | D:1      | Reached XP level 2. HP: 22/22 MP: 2/2
   843 | D:2      | Reached skill level 4 in Stealth
   843 | D:2      | Gained mutation: You have sharp toenails. [demonic ancestry]
   843 | D:2      | Reached XP level 3. HP: 27/27 MP: 3/3
  1036 | D:2      | Found a shattered altar of Ashenzari.
  1052 | D:2      | Found a burning altar of Makhleb.
  1055 | D:2      | Found an ancient bone altar of Kikubaaqudgha.
  1163 | D:2      | Noticed Sigmund
  1303 | D:2      | Slain by Sigmund

Skill      XL: |  1  2 |
---------------+-------+-----
Dodging        | 1 |  1.7
Short Blades   | 2 |  2.1
Throwing       | 2 |  2.0
Stealth        | 4 |  4.0
Fighting       | |  2.2

Action                   || total
-------------------------++-------
Melee: Dagger            ||    68
       Kick              ||     8
 Stab: Sleeping          ||     8
       Distracted        ||     1
  Eat: Chunk             ||     1
Armor: Robe              ||    16
Dodge: Dodged            ||    34
